General information
- name: BNet
- type: Ladder team game (AT/RT)
- host: Battle.net
- saver: ERICABERICA
map: Battleground
- players: 8
- length: 20:28
- speed: Fast
- version: 1.26 W3XP
- replay type: Public
» download(116 KB)
Players
team 1 (loser)
Creeper (
orange | 28 APM | 437 actions | 15:43)
3 Keeper of the Grove
1 Force of Nature
2 Entangling Roots
1 Priestess of the Moon
1 Scout
» actions
Assign group hotkey | 14 | |
Basic commands | 13 | |
Build / train | 43 | |
Enter build submenu | 10 | |
Enter hero's abilities submenu | 4 | |
Remove unit from queue | 3 | |
Right click | 107 | |
Select / deselect | 134 | |
Select group hotkey | 86 | |
Use ability | 23 | |
437 total
» units
Wisp | 9 | |
Archer | 9 | |
Huntress | 6 | |
Dryad | 7 | |
31 total
» upgrades
Strength of the Wild | 1 | |
Reinforced Hides | 1 | |
2 total
» buildings
Moon Well | 5 | |
Altar of Elders | 1 | |
Ancient of War | 1 | |
Hunter's Hall | 1 | |
Tree of Ages | 1 | |
Ancient of Lore | 1 | |
Ancient of Wind | 1 | |
11 total
» build order
00:23 Moon Well
00:38 Altar of Elders
00:51 Ancient of War
01:44 Moon Well
02:24 Hunter's Hall
03:16 Tree of Ages
03:43 Moon Well
05:57 Ancient of Lore
06:03 Ancient of Wind
07:14 Moon Well
09:12 Moon Well
Zombie.nlggers (
green | 86 APM | 1750 actions | 20:25)
6 Death Knight
3 Death Coil
3 Unholy Aura
» actions
Assign group hotkey | 50 | |
Basic commands | 29 | |
Build / train | 106 | |
ESC pressed | 4 | |
Enter build submenu | 25 | |
Enter hero's abilities submenu | 6 | |
Give item / drop item | 4 | |
Remove unit from queue | 1 | |
Right click | 815 | |
Select / deselect | 229 | |
Select group hotkey | 367 | |
Use ability | 114 | |
1750 total
» units
Acolyte | 19 | |
Ghoul | 4 | |
Crypt Fiend | 8 | |
Forest Troll Shadow Priest | 2 | |
Gargoyle | 9 | |
42 total
» upgrades
Creature Attack | 2 | |
Web | 1 | |
Creature Carapace | 3 | |
Burrow | 1 | |
Masonry | 1 | |
8 total
» buildings
Graveyard | 1 | |
Crypt | 2 | |
Altar of Darkness | 1 | |
Ziggurat | 13 | |
Tomb of Relics | 1 | |
Halls of the Dead | 4 | |
Nerubian Tower | 6 | |
Slaughterhouse | 1 | |
Necropolis | 1 | |
Spirit Tower | 23 | |
53 total
» build order
00:07 Graveyard
00:13 Crypt
00:44 Altar of Darkness
00:58 Ziggurat
01:26 Tomb of Relics
02:03 Ziggurat
02:19 Ziggurat
03:48 Halls of the Dead
03:48 Halls of the Dead
03:48 Halls of the Dead
04:17 Nerubian Tower
04:18 Nerubian Tower
06:24 Slaughterhouse
08:54 Necropolis
08:57 Ziggurat
09:01 Ziggurat
09:53 Spirit Tower
09:53 Spirit Tower
10:39 Nerubian Tower
10:40 Nerubian Tower
11:25 Ziggurat
11:35 Ziggurat
12:08 Spirit Tower
12:08 Spirit Tower
12:33 Spirit Tower
12:33 Spirit Tower
13:05 Spirit Tower
13:06 Spirit Tower
13:06 Spirit Tower
14:06 Crypt
14:53 Ziggurat
15:14 Spirit Tower
15:14 Spirit Tower
15:15 Spirit Tower
16:27 Ziggurat
16:30 Ziggurat
16:39 Ziggurat
16:44 Ziggurat
17:08 Ziggurat
19:10 Spirit Tower
19:10 Spirit Tower
19:10 Spirit Tower
» items
Rod of Necromancy | 3 | |
Sacrificial Skull | 1 | |
4 total
Manning18 (
yellow | 24 APM | 387 actions | 15:59)
3 Blademaster
2 Critical Strike
1 Mirror Image
» actions
Basic commands | 2 | |
Build / train | 38 | |
Enter build submenu | 16 | |
Enter hero's abilities submenu | 3 | |
Right click | 144 | |
Select / deselect | 139 | |
Use ability | 45 | |
387 total
» units
Peon | 10 | |
Wind Rider | 9 | |
Forest Troll Berserker | 1 | |
20 total
» upgrades
Armor | 1 | |
Reinforced Defenses | 1 | |
Ranged Weapons | 1 | |
3 total
» buildings
Altar of Storms | 1 | |
Orc Burrow | 4 | |
Stronghold | 2 | |
War Mill | 1 | |
Watch Tower | 6 | |
Voodoo Lounge | 2 | |
Beastiary | 2 | |
Fortress | 1 | |
19 total
» build order
00:10 Altar of Storms
00:42 Orc Burrow
02:05 Stronghold
02:08 War Mill
02:47 Orc Burrow
03:38 Watch Tower
04:24 Watch Tower
04:30 Watch Tower
04:42 Watch Tower
04:58 Watch Tower
05:42 Voodoo Lounge
06:13 Beastiary
06:23 Watch Tower
06:43 Fortress
07:51 Beastiary
11:24 Orc Burrow
12:24 Voodoo Lounge
13:59 Orc Burrow
» items
Scroll of Town Portal | 1 | |
Potion of Healing | 2 | |
Healing Salve | 2 | |
5 total

»
BigTate6038 (
blue | 20 APM | 153 actions | 07:46)
1 Paladin
1 Holy Light
» actions
Basic commands | 3 | |
Build / train | 26 | |
Enter build submenu | 14 | |
Enter hero's abilities submenu | 1 | |
Remove unit from queue | 1 | |
Right click | 37 | |
Select / deselect | 57 | |
Use ability | 14 | |
153 total
» units
» buildings
Altar of Kings | 1 | |
Barracks | 1 | |
Farm | 8 | |
Scout Tower | 2 | |
Arcane Tower | 2 | |
Lumber Mill | 1 | |
Keep | 1 | |
Blacksmith | 1 | |
17 total
» build order
00:08 Altar of Kings
00:13 Barracks
00:35 Farm
01:29 Farm
02:15 Farm
02:31 Scout Tower
02:58 Farm
03:20 Arcane Tower
03:23 Scout Tower
03:41 Farm
03:54 Arcane Tower
03:58 Lumber Mill
04:36 Farm
05:07 Keep
05:18 Farm
06:19 Blacksmith
06:25 Farm
team 2 (winner)
WizardOfOz (
purple | 46 APM | 947 actions | 20:26)
5 Archmage
3 Summon Water Elemental
2 Brilliance Aura
» actions
Assign group hotkey | 51 | |
Basic commands | 102 | |
Build / train | 45 | |
Enter build submenu | 33 | |
Enter hero's abilities submenu | 5 | |
Give item / drop item | 2 | |
Right click | 313 | |
Select / deselect | 253 | |
Select group hotkey | 69 | |
Use ability | 74 | |
947 total
» units
Peasant | 14 | |
Footman | 4 | |
Dragonhawk Rider | 2 | |
Gryphon Rider | 2 | |
22 total
» upgrades
Lumber Harvesting | 2 | |
Masonry | 3 | |
Cloud | 1 | |
6 total
» buildings
Altar of Kings | 2 | |
Barracks | 3 | |
Farm | 6 | |
Scout Tower | 9 | |
Keep | 1 | |
Arcane Vault | 1 | |
Arcane Tower | 1 | |
Lumber Mill | 1 | |
Gryphon Aviary | 4 | |
Town Hall | 1 | |
Guard Tower | 2 | |
Castle | 1 | |
Blacksmith | 2 | |
34 total
» build order
00:37 Altar of Kings
00:38 Barracks
00:54 Altar of Kings
00:55 Barracks
00:58 Farm
00:59 Farm
01:05 Farm
01:39 Farm
02:21 Scout Tower
03:19 Keep
04:13 Arcane Vault
06:18 Arcane Tower
06:25 Lumber Mill
07:16 Barracks
07:19 Gryphon Aviary
07:44 Farm
07:47 Farm
08:57 Town Hall
09:00 Scout Tower
09:01 Scout Tower
09:01 Scout Tower
09:02 Scout Tower
09:41 Guard Tower
09:43 Castle
11:29 Gryphon Aviary
11:30 Gryphon Aviary
11:30 Gryphon Aviary
11:57 Scout Tower
11:58 Scout Tower
11:59 Scout Tower
12:00 Scout Tower
13:14 Guard Tower
16:51 Blacksmith
16:53 Blacksmith
» items
Scroll of Regeneration | 3 | |
Mechanical Critter | 3 | |
6 total
ERICABERICA (
red | 64 APM | 1305 actions | 20:28)
5 Blademaster
3 Wind Walk
2 Critical Strike
» actions
Assign group hotkey | 16 | |
Basic commands | 64 | |
Build / train | 40 | |
Enter build submenu | 16 | |
Enter hero's abilities submenu | 5 | |
Remove unit from queue | 3 | |
Right click | 639 | |
Select / deselect | 124 | |
Select group hotkey | 347 | |
Use ability | 51 | |
1305 total
» units
» upgrades
Ranged Weapons | 2 | |
Armor | 2 | |
Reinforced Defenses | 1 | |
5 total
» buildings
Altar of Storms | 1 | |
Orc Burrow | 7 | |
Voodoo Lounge | 1 | |
War Mill | 1 | |
Stronghold | 1 | |
Watch Tower | 6 | |
Beastiary | 3 | |
Fortress | 1 | |
Great Hall | 1 | |
22 total
» build order
00:07 Altar of Storms
00:22 Orc Burrow
00:54 Voodoo Lounge
01:38 War Mill
02:11 Stronghold
02:34 Orc Burrow
03:07 Watch Tower
03:08 Watch Tower
03:33 Watch Tower
04:19 Watch Tower
04:19 Watch Tower
04:23 Watch Tower
05:17 Beastiary
05:46 Fortress
06:12 Beastiary
07:44 Orc Burrow
07:44 Orc Burrow
11:17 Orc Burrow
11:17 Orc Burrow
11:18 Orc Burrow
12:53 Beastiary
13:21 Great Hall
» items
Healing Salve | 1 | |
Boots of Speed | 1 | |
Staff of Teleportation | 1 | |
Lesser Clarity Potion | 1 | |
4 total

»
oOoAKCoOo (
teal | 22 APM | 417 actions | 18:48)
5 Archmage
1 Blizzard
3 Summon Water Elemental
1 Brilliance Aura
» actions
Build / train | 54 | |
Enter build submenu | 26 | |
Enter hero's abilities submenu | 5 | |
Right click | 113 | |
Select / deselect | 173 | |
Use ability | 46 | |
417 total
» units
Peasant | 11 | |
Footman | 10 | |
Knight | 6 | |
Priest | 4 | |
Sorceress | 4 | |
35 total
» upgrades
Swords | 1 | |
Plating | 1 | |
Animal War Training | 1 | |
Lumber Harvesting | 1 | |
4 total
» buildings
Altar of Kings | 1 | |
Barracks | 2 | |
Farm | 11 | |
Arcane Vault | 1 | |
Keep | 1 | |
Lumber Mill | 1 | |
Blacksmith | 1 | |
Scout Tower | 3 | |
Castle | 1 | |
Guard Tower | 3 | |
Arcane Sanctum | 3 | |
Town Hall | 1 | |
29 total
» build order
00:11 Altar of Kings
00:19 Barracks
00:23 Farm
01:06 Farm
01:50 Farm
02:27 Farm
03:14 Farm
03:20 Arcane Vault
04:03 Farm
04:25 Keep
04:40 Lumber Mill
05:06 Farm
05:48 Blacksmith
07:43 Scout Tower
07:45 Castle
08:25 Scout Tower
08:27 Guard Tower
08:59 Arcane Sanctum
09:02 Arcane Sanctum
09:06 Arcane Sanctum
09:13 Barracks
09:40 Guard Tower
09:43 Farm
10:33 Farm
10:56 Farm
12:05 Town Hall
13:45 Farm
14:44 Scout Tower
17:15 Guard Tower
» items
Healing Salve | 1 | |
Lesser Clarity Potion | 1 | |
Scroll of Regeneration | 1 | |
Scroll of Town Portal | 1 | |
4 total

»
WHYNOTBRO (
pink | 94 APM | 1567 actions | 16:39)
5 Blademaster
3 Wind Walk
2 Critical Strike
» actions
Assign group hotkey | 32 | |
Basic commands | 53 | |
Build / train | 60 | |
ESC pressed | 1 | |
Enter build submenu | 14 | |
Enter hero's abilities submenu | 5 | |
Give item / drop item | 1 | |
Right click | 622 | |
Select / deselect | 235 | |
Select group hotkey | 491 | |
Use ability | 53 | |
1567 total
» units
Peon | 11 | |
Wind Rider | 11 | |
Forest Troll Shadow Priest | 1 | |
23 total
» upgrades
» buildings
Altar of Storms | 1 | |
Orc Burrow | 7 | |
Voodoo Lounge | 1 | |
War Mill | 1 | |
Stronghold | 4 | |
Watch Tower | 2 | |
Beastiary | 2 | |
Fortress | 4 | |
22 total
» build order
00:14 Altar of Storms
00:23 Orc Burrow
01:10 Voodoo Lounge
01:48 War Mill
02:27 Stronghold
02:27 Stronghold
02:28 Stronghold
03:02 Watch Tower
03:03 Watch Tower
05:23 Beastiary
05:25 Beastiary
05:42 Orc Burrow
05:48 Orc Burrow
08:44 Orc Burrow
10:19 Orc Burrow
12:41 Orc Burrow
12:41 Orc Burrow
14:29 Fortress
14:29 Fortress
14:29 Fortress
» items
Healing Salve | 2 | |
Lesser Clarity Potion | 4 | |
Periapt of Vitality | 1 | |
Boots of Speed | 1 | |
Scroll of Town Portal | 1 | |
9 total
Chat log
(00:09 / All) WHYNOTBRO: binary style
(00:13 / All) ERICABERICA: peyton #1
(00:16 / All) ERICABERICA: sb for sure
(00:24 / All) Manning18: ohmahAA
(00:41 / All) ERICABERICA: omaha
(00:45 / All) ERICABERICA: omahaa
(00:53 / All) Manning18: hurry hurry!!!!!
(00:56 / All) oOoAKCoOo: peyton ?
(00:59 / All) ERICABERICA: set
(01:00 / All) ERICABERICA: set
(01:04 / All) Manning18: check
(01:11 / All) Manning18: 53s the mic
(01:12 / All) ERICABERICA: #24 is the mic
(01:16 / All) WizardOfOz: I don't like the lumber situation on dis map
(01:32 / All) ERICABERICA: we think alike yellow, hope we dont meet each other on battlefield
(01:38 / All) Zombie.nlggers: I never have trouble as long as I make a lumber mill on the far end of my base
(01:42 / All) Manning18: Rushing
(01:46 / All) Zombie.nlggers: so I get all of the trees
(01:52 / All) WizardOfOz: that's what I do
(01:55 / All) WizardOfOz: eventually
(02:55 / All) ERICABERICA: hit teal not me
(03:37 / Allies) WHYNOTBRO: u need help?
(03:59 / Allies) oOoAKCoOo: harass blue p.lz
(04:02 / Allies) WizardOfOz: wtf pink
(04:04 / Allies) WHYNOTBRO: he ahs tower
(04:17 / All) WizardOfOz: nice one pink
(04:19 / Allies) WHYNOTBRO: i was 1 kill
(04:20 / All) WizardOfOz: hurry up to leech the exp
(04:21 / Allies) oOoAKCoOo: yellow teched
(04:29 / Allies) oOoAKCoOo: rush plz
(04:30 / Allies) WizardOfOz: so why yo uleech my exp?
(04:36 / Allies) WHYNOTBRO: i came at end...
(04:41 / Allies) WizardOfOz: yeah
(04:46 / Allies) WizardOfOz: when I killed the creeps
(04:48 / Allies) WizardOfOz: so yo ugot hte edp
(04:51 / Allies) WHYNOTBRO: yeha more xp 4 u
(05:02 / Allies) WizardOfOz: you killed 0 creeps and got exp
(05:11 / Allies) WHYNOTBRO: i got 1/3 of xp
(05:20 / Allies) WizardOfOz: you killed zero creepos
(05:22 / Allies) WizardOfOz: you did it on purpose
(05:27 / Allies) oOoAKCoOo: we need to hit
(05:29 / Allies) oOoAKCoOo: plz
(05:31 / Allies) WHYNOTBRO: no i was 1 kill from 2
(06:00 / Allies) WizardOfOz: and you messed up this creep by fucking me up
(06:03 / Allies) oOoAKCoOo: wtf
(06:12 / All) WHYNOTBRO: LKOL
(06:17 / Allies) oOoAKCoOo: towers everywerher
(06:33 / All) Manning18: beach
(06:36 / Allies) oOoAKCoOo: red lol no
(08:09 / Allies) WHYNOTBRO: OMW PURP
(08:23 / Allies) WHYNOTBRO: lmao
(09:29 / All) Zombie.nlggers: orange tk
(09:32 / All) Creeper: yep
(09:36 / All) Zombie.nlggers: Retard noob
(09:40 / All) Zombie.nlggers: thinks I stole "his " item
(09:46 / All) Creeper: douche bag
(09:51 / All) Creeper: teaching him manners
(09:53 / All) WHYNOTBRO: lol i woulda put my money on purp for a tk
(10:09 / All) WHYNOTBRO: he wrote me a poem of how i stole 1/3 of his creep
(10:18 / All) WizardOfOz: Pink deliberately leeched exp
(10:51 / All) Creeper: god i hate dbags
(11:00 / All) Zombie.nlggers: how the fuck am I a dbag you god damned retard
(11:02 / All) WHYNOTBRO: im catching feelings for that nigga purp
(11:07 / All) Zombie.nlggers: fucking idiot bitching I stole "your" item
(11:12 / All) Zombie.nlggers: as if you solo crept that
(11:13 / All) Creeper: creep leeching and item stealing
(11:16 / All) Zombie.nlggers: LOL no
(11:21 / All) Zombie.nlggers: shut the fuck up and get the fuck outyou fucking nigger
(11:26 / All) Creeper: im on a fresh account I dont fcare
(11:27 / All) Zombie.nlggers: I crept with you
(11:29 / All) Zombie.nlggers: with 5 fiends
(11:33 / All) Zombie.nlggers: yeah you clearly do kill yourself
(11:49 / Allies) oOoAKCoOo: spare gold purp?
(11:56 / All) Zombie.nlggers: out orange
(12:32 / Allies) WHYNOTBRO: np 4 carry ourp
(13:42 / All) WHYNOTBRO: nice mh
(13:47 / All) ERICABERICA: how so?
(13:48 / All) Zombie.nlggers: who?
(13:48 / All) ERICABERICA: who
(14:15 / All) WizardOfOz: it's a p good strategy footies all game
(14:16 / All) WHYNOTBRO: i never asked for this gift bros
(14:40 / All) Creeper: the gift to lose more then twice as many as u win
(14:53 / All) WHYNOTBRO: i dont try at tjis game
(14:58 / All) Zombie.nlggers: biggest loser is you here orange
(14:59 / All) Creeper: ur a douch bag
(15:04 / All) Zombie.nlggers: "you don't try" LOL
(15:09 / All) Zombie.nlggers: all noobs who get power fucked say that
(15:17 / All) Creeper: oh I am no noob
(15:52 / All) Zombie.nlggers: out pink
(15:55 / All) Zombie.nlggers: go kill yourself
(15:59 / Allies) WHYNOTBRO: lol red
(16:09 / All) WHYNOTBRO: LOL
(16:14 / All) Zombie.nlggers: out noob
(16:23 / All) WHYNOTBRO: lmao
(16:37 / All) WHYNOTBRO: red has a small dick gg
(16:44 / All) WizardOfOz: lol
(17:07 / All) oOoAKCoOo: lol..huh?
(17:19 / All) Zombie.nlggers: lol
(17:20 / Allies) WizardOfOz: catch you later newbie teal
(17:23 / All) ERICABERICA: tealtk
(17:25 / Allies) WizardOfOz: get raped son
(17:27 / Allies) oOoAKCoOo: lol
(17:40 / Allies) oOoAKCoOo: in all honesty..yall suck
(17:43 / Allies) WizardOfOz: smell you later daddio
(17:45 / All) Zombie.nlggers: teal is that true?
(17:48 / All) Zombie.nlggers: you're a tk faggot?
(17:53 / All) WizardOfOz: just a newb
(17:58 / All) WizardOfOz: that don't deserve a victory
(18:02 / All) oOoAKCoOo: yeah...im the noob.
(18:08 / All) oOoAKCoOo: yet you tk.
(18:08 / All) WizardOfOz: scrub ass
(18:23 / All) oOoAKCoOo: cant even do tht well
(18:39 / Allies) WizardOfOz: We doing pretty good at it IMO
(18:44 / Allies) WizardOfOz: you can mount now resistance
(18:57 / All) WizardOfOz: ewll
(19:00 / All) Zombie.nlggers: I say orange lose
(19:01 / All) WizardOfOz: I'm sure you want
(19:03 / All) WizardOfOz: orange to lose
(19:05 / All) Zombie.nlggers: plus my team 3 legit
(19:08 / All) WizardOfOz: pink was a gaymo too
(19:13 / All) Zombie.nlggers: what'd he do
(19:26 / All) WizardOfOz: leeched exp
(19:33 / All) WizardOfOz: then pretended like it was no big dael lawl
(19:44 / All) Zombie.nlggers: lawl least he didn't call out someone else on leeching and stealing items when they weren't
(19:44 / All) WizardOfOz: he hurried to wind walk to get my kills
(19:48 / All) WizardOfOz: he killed zero
(19:50 / All) Zombie.nlggers: he asked for my sobi mask
(19:51 / All) WizardOfOz: just wind walked there
(19:54 / All) Zombie.nlggers: when I solo crept the camp that it dropped
(19:55 / All) WizardOfOz: so he could leech it
(20:00 / All) Zombie.nlggers: but it was the better item than +6 agi boots I guess
(20:09 / All) Zombie.nlggers: his hero wasn't even near the creep the agi boots dropped from
(20:20 / All) Zombie.nlggers: orange lose
(20:24 / All) WizardOfOz: aite